 Dungeon Crawl Stone Soup version 0.32-a0-576-g706899e69d (webtiles) character file.

Game seed: 4527916982399843072

359 BeKind the Ducker (level 6, 0/44 HPs)
             Began as an Octopode Fighter on Mar 1, 2024.
             Slain by an orc
             ... wielding a +0 dagger
              (3 damage)
             ... on level 4 of the Dungeon.
             The game lasted 00:03:32 (2237 turns).

BeKind the Ducker (Octopode Fighter)                Turns: 2237, Time: 00:03:33

Health: 0/44       AC:  1    Str: 17    XL:     6   Next: 65%
Magic:  6/6        EV: 13    Int: 11    God:
Gold:   177        SH:  5    Dex: 11    Spells: 5/5 levels left

rFire   . . .        a - +0 trident
rCold   . . .        b - +0 buckler
rNeg    + + .        (helmet restricted)
rPois   .            m - amulet of magic regeneration
rElec   .            i - ring of positive energy
rCorr   .            l - ring of positive energy
SInv    .            n - ring of flight
Will    +....        (no ring)
Stlth   ++           (no ring)
HPRegen 0.27/turn    (no ring)
MPRegen 0.50/turn    (no ring)
                     (no ring)

%: no passive effects
@: about to teleport, enlightened, flying
A: almost no armour, amphibious, 8 rings, camouflage 1, gelatinous body 1,
(nimble swimmer 1), tentacles
a: no special abilities


You were on level 4 of the Dungeon.
You visited 1 branch of the dungeon, and saw 4 of its levels.

You collected 177 gold pieces.

Inventory:

Hand Weapons
 a - a +0 trident (weapon)
Armour
 b - a +0 buckler (worn)
 e - an orb of energy
Jewellery
 i - a ring of positive energy (left tentacle)
 l - a ring of positive energy (right tentacle)
 m - an amulet of magic regeneration (around mantle)
 n - a ring of flight (on tentacle)
 q - a +6 ring of dexterity
Scrolls
 d - 4 scrolls of identify {unknown}
 h - 3 scrolls of teleportation
 k - a scroll of fog
 o - a scroll of immolation {unknown}
 p - 3 scrolls of noise {unknown}
 s - a scroll of enchant weapon {unknown}
Potions
 c - 2 potions of might
 f - a potion of magic {unknown}
 g - a potion of degeneration {unknown}
 r - a potion of brilliance {unknown}


   Skills:
 + Level 4.4 Fighting
 + Level 3.7 Polearms
 + Level 4.4 Dodging
 + Level 4.4 Shields


You had 5 spell levels left.
You didn't know any spells.
Your spell library was empty.

Dungeon Overview and Level Annotations

Branches:
Dungeon (4/15)
 Temple: D:4-7

Altars:

Annotations:
D:4 Ijyb


Innate Abilities, Weirdness & Mutations

You cannot wear most types of armour.
You are amphibious.
You can wear up to eight rings at the same time.
Your skin changes colour to match your surroundings (Stealth+).
Your rubbery body absorbs attacks. (AC +1, EV +1)
((You are camouflaged when in or above water. (Stealth+)))
You have tentacles for arms and can constrict up to eight enemies at once.


Message History

You are too injured to fight recklessly!
You are too injured to fight recklessly!
A goblin and a gnoll come into view.
The jackal barks!
A dart slug comes into view.
The phantom hits you.
The phantom blinks!
You blink.
Ijyb closely misses you. The orc attacks as it pursues you!
The orc closely misses you.
The goblin moves out of view.
The gnoll moves out of view.
The dart slug moves out of view.
It was a potion of enlightenment.
You feel more buoyant. The endoplasm freezes you.
You are frozen.
The phantom misses you. Ijyb barely misses you. The orc misses you.
As you read the scroll labelled LAOGHA DIEFEMP, it dissolves into smoke.
It was a scroll of fog.
The jackal closely misses you.
The endoplasm hits you but does no damage.
The phantom completely misses you. You block Ijyb's attack.
You block the orc's attack. The jackal barely misses you. The jackal bites you.
As you read the scroll labelled TYL CUSIOCLA, it crumbles to dust.
You feel strangely unstable.
It was a scroll of teleportation.
The jackal misses you. x2; You block the jackal's attack.
The endoplasm hits you.
* * * LOW HITPOINT WARNING * * *
You block the jackal's attack.
The phantom hits you but does no damage.
Ijyb hits you with a +0 dagger.
* * * LOW HITPOINT WARNING * * *
The jackal misses you. The orc barely misses you.
You closely miss the jackal. Your grab misses the jackal.
The jackal closely misses you. The jackal barely misses you.
The jackal closely misses you. You block the jackal's attack.
The endoplasm hits you but does no damage.
The phantom hits you.
* * * LOW HITPOINT WARNING * * *
Ijyb hits you with a +0 dagger.
* * * LOW HITPOINT WARNING * * *
The jackal bites you but does no damage.
The orc hits you with a +0 dagger.
You die...

#.# #.# ### #.#
#######<###########.######
....o.....................
#######.#.#########.###.##
#.#+####### #.###.##
#§ohW...... #.......
#§J@h...... #####.##
#§ghh..h.$.######.##
####§w§§......+........
#<............######...
####.###+##### #### ...
..... ....... .........


You could see a phantom, Ijyb, a dart slug, an orc, an endoplasm and 5 jackals.

Vanquished Creatures
  A black bear (D:4)
  Natasha (thrice) (D:3)
  4 orc wizards (D:4)
  2 adders (D:2)
  2 ribbon worms
  A dart slug (D:2)
  5 orcs
  6 ball pythons
  8 bats
  8 endoplasms
  3 giant cockroaches
  5 goblins
  5 hobgoblins
  3 jackals (D:4)
  7 kobolds
  2 quokkas
  6 frilled lizards
  11 rats
82 creatures vanquished.

Notes
Turn   | Place    | Note
-------+----------+-------------------------------------------
     0 | D:1      | BeKind the Octopode Fighter began the quest for the Orb.
     0 | D:1      | Reached XP level 1. HP: 16/16 MP: 1/1
   162 | D:1      | Reached XP level 2. HP: 21/21 MP: 2/2
   321 | D:1      | Reached XP level 3. HP: 26/26 MP: 3/3
   887 | D:2      | Reached XP level 4. HP: 30/31 MP: 4/4
  1433 | D:3      | Noticed Natasha
  1441 | D:3      | Killed Natasha
  1443 | D:3      | Reached XP level 5. HP: 26/37 MP: 5/5
  1589 | D:3      | Noticed Natasha
  1715 | D:3      | Killed Natasha
  1822 | D:3      | Noticed Natasha
  1827 | D:3      | Killed Natasha
  1834 | D:4      | Noticed a black bear
  1840 | D:4      | Killed a black bear
  1841 | D:4      | Reached XP level 6. HP: 43/43 MP: 6/6
  2222 | D:4      | Noticed Ijyb
  2237 | D:4      | Slain by an orc

Illustrated notes

Levels and vault maps discovered:
D:1:      minmay_arrival_cross, layout_basic, chequers_serial_rivers_room_b,
          minmay_pentomino_x2
D:2:      minmay_evil_eye, layout_loops_cross, ebering_dispersal_statue_hall
D:3:      layout_rooms, uniq_natasha
D:4:      layout_basic, nicolae_hepliaklqana_monster_ancestors,
          mainiacjoe_overflow_boulevard, grunt_tough_drop, uniq_ijyb,
          uniq_duvessa, uniq_eustachio

Skill      XL: |  1  2  3  4  5 |
---------------+----------------+-----
Polearms       | 3 |  3.7
Fighting       | 4 |  4.4
Dodging        | 4 |  4.4
Shields        | 4 |  4.4

Action                     |  1- 3 |  4- 6 || total
---------------------------+-------+-------++-------
  Melee: Trident           |    89 |    95 ||   184
         Constrict         |    16 |    20 ||    36
         Tentacles         |    10 |     8 ||    18
    Use: Potion            |       |     3 ||     3
         Scroll            |       |     2 ||     2
   Stab: Sleeping          |     9 |     5 ||    14
         Distracted        |     1 |       ||     1
 Armour: Skin              |    23 |    43 ||    66
  Dodge: Dodged            |    39 |    53 ||    92
  Block: Buckler           |    12 |    16 ||    28

Table legend: (Time is in decaauts)
 A = Elapsed time spent in this place.
 B = Non-inter-level travel time spent in this place.
 C = Inter-level travel time spent in this place.
 D = Time resting spent in this place.
 E = Time spent auto-exploring this place.
 F = Levels seen in this place.
 G = Mean time per level.
                   A        B        C        D        E       F      G
               +--------+--------+--------+--------+--------+-----+--------+
         Total |   2277 |   2226 |     51 |     75 |   1593 |   4 |  569.2 |
       Dungeon |   2277 |   2226 |     51 |     75 |   1593 |   4 |  569.2 |
               +--------+--------+--------+--------+--------+-----+--------+

Top non-repeatable levels by time:
     D:2: 712 daAuts
     D:1: 597 daAuts
     D:3: 556 daAuts
     D:4: 411 daAuts
